 Dungeon Crawl Stone Soup version 0.30-a0-4-ga7cffc901d (webtiles) character file.

Game seed: 8036833633120263586

421501 Sobieck the Wrestler (level 22, -11/129 (203) HPs)
             Began as a Ghoul Gladiator on Aug 21, 2022.
             Was the Champion of Ru.
             Killed from afar by a titan (46 damage)
             ... with a bolt of lightning
             ... on level 5 of the Vaults.
             The game lasted 02:49:32 (67152 turns).

Sobieck the Wrestler (Ghoul Gladiator)             Turns: 67152, Time: 02:49:32

HP:   -11/129 (203) AC: 35    Str: 41    XL:     22   Next: 72%
MP:   0/21          EV:  8    Int: 11    God:    Ru [******]
Gold: 3331          SH: 14    Dex: 10    Spells: 21/21 levels left

rFire   + . .      SeeInvis +      - Unarmed
rCold   + . .      Faith    .    g - +2 kite shield {rF+}
rNeg    + + +      Spirit   +    N - +2 crystal plate armour {rare=g}
rPois   ∞          Reflect  .    b - +3 hat of Eriucvipsu {Str+2}
rElec   .          Harm     .    M - +2 cloak
rCorr   .          Rampage  .    (no gloves)
Will    ++...                    v - +1 pair of boots "Timexann" {Int+2}
Stlth   ..........               q - amulet of guardian spirit
HPRegen 0.00/turn                F - ring "Teplyata" {Will+ Str+4 Int+6 SInv}
MPRegen 0.17/turn                S - +6 ring of strength

@: exhausted, inhibited regen, studying Translocations, very heavily drained
A: claws 1, cold resistance 1, negative energy resistance 3, inhibited
regeneration, torment resistance 2, inability to use devices, no fire magic, no
necromancy magic, no transmutations magic, unskilled 1, inexperienced 1, devour
on kill
}: 2/15 runes: decaying, gossamer
a: Renounce Religion, Draw Out Power, Power Leap, Apocalypse


You were on level 5 of the Vaults.
You worshipped Ru.
Ru was exalted by your worship.
You visited 9 branches of the dungeon, and saw 42 of its levels.

You collected 4530 gold pieces.
You spent 1199 gold pieces at shops.


Innate Abilities, Weirdness & Mutations

You are immune to poison.
You have sharp fingernails.
Your flesh is cold resistant. (rC+)
You are immune to negative energy. (rN+++)
You do not regenerate when monsters are visible.
You are immune to unholy pain and torment.
You cannot study or use magical devices.
You cannot study or cast Fire magic.
You cannot study or cast Necromancy magic.
You cannot study or cast Transmutations magic.
You are somewhat unskilled. (-1 Apt)
You are somewhat inexperienced. (-1 XL)
You thrive by killing the living.


   Skills:
 + Level 18.5 Fighting
 - Level 1.5 Throwing
 - Level 16.0 Armour
 - Level 2.4 Dodging
 - Level 4.0 Stealth
 + Level 15.3 Shields
 * Level 26.7 Unarmed Combat


You had 21 spell levels left.
You didn't know any spells.
Your spell library contained the following spells:

 Spells                   Type           Power      Damage    Failure   Level
 Magic Dart               Conj           0%         1d3       99%         1
 Shock                    Conj/Air       0%         1d3       99%         1
 Summon Small Mammal      Summ           0%         N/A       99%         1
 Call Imp                 Summ           0%         N/A       100%        2
 Static Discharge         Conj/Air       0%         3-3/arc   100%        2
 Call Canine Familiar     Summ           0%         N/A       100%        3
 Confusing Touch          Hex            0%         N/A       100%        3
 Gell's Gravitas          Tloc           0%         N/A       100%        3
 Lesser Beckoning         Tloc           0%         N/A       100%        3
 Mephitic Cloud           Conj/Pois/Air  0%         N/A       100%        3
 Ozocubu's Armour         Ice            0%         N/A       100%        3
 Portal Projectile        Hex/Tloc       0%         N/A       100%        3
 Summon Guardian Golem    Hex/Summ       0%         N/A       100%        3
 Swiftness                Air            0%         N/A       100%        3
 Teleport Other           Tloc           0%         N/A       100%        3
 Tukima's Dance           Hex            0%         N/A       100%        3
 Airstrike                Air            0%         2d(0-16)  100%        4
 Cause Fear               Hex            0%         N/A       100%        4
 Fulminant Prism          Conj/Hex       0%         3d6       100%        4
 Iskenderun's Mystic Bla  Conj/Tloc      0%         2d3       100%        4
 Leda's Liquefaction      Hex/Erth       0%         N/A       100%        4
 Passage of Golubria      Tloc           0%         N/A       100%        4
 Iskenderun's Battlesphe  Conj           0%         2d6       100%        5
 Lee's Rapid Deconstruct  Erth           0%         3d5*      100%        5
 Lightning Bolt           Conj/Air       0%         1d11      100%        5
 Manifold Assault         Tloc           0%         N/A       100%        5
 Metabolic Englaciation   Hex/Ice        0%         N/A       100%        5
 Silence                  Hex/Air        0%         N/A       100%        5
 Dispersal                Tloc           0%         N/A       100%        6
 Iron Shot                Conj/Erth      0%         9d1       100%        6
 Summon Cactus Giant      Summ           0%         N/A       100%        6
 Enfeeble                 Hex            0%         N/A       100%        7
 Spellforged Servitor     Conj/Summ      0%         N/A       100%        7
 Disjunction              Tloc           0%         N/A       100%        8
 Lehudib's Crystal Spear  Conj/Erth      0%         10d2      100%        8
 Maxwell's Capacitive Co  Air            0%         ∞         100%        8
 Chain Lightning          Conj/Air       0%         N/A       100%        9
 Dragon's Call            Summ           0%         N/A       100%        9
 Shatter                  Erth           0%         3d5*      100%        9
 Necrotise                Necr           Unusable   1d4       N/A         1
 Sting                    Tmut/Pois      Unusable   1d3       N/A         1
 Scorch                   Fire           Unusable   2d5       N/A         2
 Conjure Flame            Conj/Fire      Unusable   6-21      N/A         3
 Ignite Poison            Fire/Tmut/Pois Unusable   N/A       N/A         3
 Vampiric Draining        Necr           Unusable   2d6       N/A         3
 Flame Wave               Conj/Fire      Unusable   2d4       N/A         4
 Sticky Flame             Conj/Fire      Unusable   2d3       N/A         4
 Agony                    Necr           Unusable   N/A       N/A         5
 Alistair's Intoxication  Tmut/Pois      Unusable   N/A       N/A         5
 Blade Hands              Tmut           Unusable   N/A       N/A         5
 Borgnjor's Vile Clutch   Necr/Erth      Unusable   N/A       N/A         5
 Yara's Violent Unravell  Hex/Tmut       Unusable   3d3       N/A         5
 Eringya's Noxious Bog    Tmut/Pois      Unusable   N/A       N/A         6
 Simulacrum               Ice/Necr       Unusable   N/A       N/A         6
 Dragon Form              Tmut           Unusable   N/A       N/A         7
 Fire Storm               Conj/Fire      Unusable   5d1       N/A         9

Inventory:

Missiles
 c - 4 throwing nets {=f!fthrowing}
 d - a javelin {throwing}
 i - 19 boomerangs (quivered) {throwing}
 o - 30 poisoned darts {throwing}
 y - 2 atropa-tipped darts {throwing}
 Y - 15 curare-tipped darts {=fthrowing}
Armour
 b - the +3 hat of Eriucvipsu (worn) {Str+2}
   (You found it on level 4 of the Spider Nest)

   Str:       It affects your strength (+2).
 e - a +0 kite shield
   (You took it off a gnoll sergeant on level 8 of the Dungeon)
 g - a +2 kite shield of fire resistance (worn)
   (You took it off a tengu warrior on level 2 of the Depths)
 r - a +0 tower shield
   (You found it on level 4 of the Vaults)
 v - the +1 pair of boots "Timexann" (worn) {Int+2}
   (You found it on level 1 of the Swamp)

   Int:       It affects your intelligence (+2).
 M - a +2 cloak (worn)
   (You took it off Maurice on level 10 of the Dungeon)
 N - a +2 crystal plate armour (worn) {rare=g}
   (You found it on level 1 of the Depths)
Magical Staves
 U - a staff of poison {!astaff}
   (You found it on level 2 of the Lair of Beasts)
Jewellery
 h - the ring of the Failed Coup {Fly Dex+2 Stlth+}
   (You took it off a tengu warrior on level 9 of the Dungeon)

   [ring of flight]

   Dex:       It affects your dexterity (+2).
   Fly:       It grants you flight.
   Stlth:     It makes you more stealthy.
 j - a ring of resist corrosion
   (You found it on level 2 of the Spider Nest)
 m - a ring of see invisible
   (You found it on level 3 of the Lair of Beasts)
 p - a ring of willpower
   (You found it on level 2 of the Vaults)
 q - an amulet of guardian spirit (around neck)
   (You found it on level 2 of the Dungeon)
 u - a ring of protection from cold
   (You found it on level 6 of the Dungeon)
 x - a +6 ring of intelligence
   (You found it on level 9 of the Dungeon)
 z - a ring of magical power
   (You found it on level 2 of the Swamp)
 B - a +4 ring of protection
   (You found it on level 3 of the Dungeon)
 E - a +6 ring of dexterity
   (You found it on level 7 of the Dungeon)
 F - the ring "Teplyata" (left claw) {Will+ Str+4 Int+6 SInv}
   (You bought it in a shop on level 1 of the Depths)

   [ring of intelligence]

   Str:       It affects your strength (+4).
   Int:       It affects your intelligence (+6).
   SInv:      It lets you see invisible.
   Will:      It increases your willpower.
 P - a ring of fire
   (You found it on level 2 of the Spider Nest)
 S - a +6 ring of strength (right claw)
   (You found it on level 9 of the Dungeon)
 X - a ring of wizardry
   (You found it on level 3 of the Vaults)
Scrolls
 a - 5 scrolls of butterflies
 k - 9 scrolls of vulnerability {!r!r}
 s - 27 scrolls of identify {@r1}
 w - 5 scrolls of silence {!r}
 C - 17 scrolls of teleportation {@r4}
 D - 5 scrolls of poison
 G - 6 scrolls of blinking {!r}
 K - a scroll of summoning
 R - 3 scrolls of torment
 T - 6 scrolls of magic mapping {!r}
 W - 9 scrolls of immolation {!r!r}
 Z - 9 scrolls of fear
Potions
 f - 21 potions of curing {@q1}
 l - 3 potions of heal wounds {@q2}
 n - 4 potions of resistance
 t - a potion of invisibility
 A - 3 potions of attraction {!q}
 H - 13 potions of brilliance
 I - a potion of magic
 J - 11 potions of flight
 L - 4 potions of haste {@q3}
 O - 4 potions of cancellation
 Q - 10 potions of ambrosia
 V - 2 potions of might

Dungeon Overview and Level Annotations

Branches:
Dungeon (15/15) Zot: 21990  Temple (1/1) D:6 Zot: 5983    Lair (5/5) D:8 Zot: 18288
  Swamp (4/4) Lair:2 Zot: 19065  Spider (4/4) Lair:3 Zot: 16697   Slime (0/5) Lair:5
    Orc (2/2) D:12 Zot: 9824     Elf (2/3) Orc:2 Zot: 10392  Vaults (4/5) D:13 Zot: 19786
  Crypt (0/3) Vaults:3     Depths (4/4) D:15 Zot: 16093     Zot (0/5) Depths:4

Altars:
Ashenzari
Cheibriados
Dithmenos
Hepliaklqana
Kikubaaqudgha
Makhleb
Nemelex Xobeh
Ru
Sif Muna
Uskayaw
Vehumet
Xom
Jiyva

Shops:
D:7 *   D:9 :   D:11 (   Orc:1 ***   Orc:2 (:(**   Elf:1 *   Vaults:4 [
Depths:1 =

Portals:
Hell: Depths:1 Depths:2 Depths:3 Depths:4
Abyss: Lair:4 Depths:3 Depths:4
Pandemonium: Orc:2 Depths:2
Ziggurat: Depths:1
Trove: D:15 (give 8 scrolls of blinking)

Annotations:
D:9 2 exclusions

...#...........
##.÷#....#.)[...#.
)..#..........#...
#....#. #....
#p...#. #...c.
#.... . #......
#.... .#....C..
#....##........
#.L..@.........
#....#......#.
#....#.......#
#....#..#.....#
#....#...#.....
#....#.........
#....#..#......
#....#...#.....
#... ...


You could see a titan, an ancient lich and a vault warden (magic disrupted).


Message History

The ironbound preserver is healed somewhat.
The vault warden is stunned by your conviction and fails to attack.
The sphinx falters for a moment.
The ironbound preserver begins to cast a spell, but is stunned by your conviction!
You climb upwards.
There is a stone staircase leading down here.
Unknown command.
Unknown command.
You mangle the ironbound preserver!!
You eviscerate the ironbound preserver!!!
You kill the ironbound preserver!
You feel better.
No target in view!
No target in view!
Unknown command.
You start resting.
You start resting.
You feel less exhausted.
You start resting.
Unknown command.
Unknown command.
Unknown command.
Unknown command.
Unknown command.
Unknown command.
Unknown command.
There is an open door, spattered with blood here.
Things that are here:
a +0 dire flail {mace}; a +0 dire flail {mace}
There is an open door here.
There is an open door here.
There is a stone staircase leading down here.
Unknown command.
Unknown command.
Unknown command.
You climb downwards.
The quicksilver dragon breathes dispelling energy at you.
The bolt of dispelling energy misses you.
The vault warden activates a sealing rune.
A vault warden comes into view. It is wielding a +4 halberd of venom.
The vault warden shoots a bolt.
You block the bolt.
You hear a shout! x4
There is a sealed passage leading up, summoned here.
Danger!
Activating: Apocalypse
Press: ? - help, Dir - look around, f - activate You reveal the great annihilating truth to your foes!
The quicksilver dragon is paralysed by terrible understanding!
The deep troll is paralysed by terrible understanding!
The shadow dragon slows down under the weight of truth!
The vault warden doubts its magic when faced with ultimate truth!
The vault warden slows down under the weight of truth!
You feel drained.
You hear a shout! x2; You hear a horrible gurgling sound!
You hear a shout!
You hear an angry hiss.
You hear a shout! x2
A hell knight comes into view. It is wielding a +4 battleaxe.
The vault warden shoots a bolt.
The bolt hits you!
Unknown command.
As you read the scroll of teleportation {@r4}, it crumbles to dust.
You feel strangely unstable.
The vault warden shoots a bolt.
The bolt hits you.
Unknown command.
You eviscerate the tentacled monstrosity!!!
You kill the tentacled monstrosity!
Unknown command.
Throw: 19 boomerangs {throwing}
Press: ? - help, Q - select action, (/) - cycle Shift-Dir - straight line, f - vault warden
Aim: a vault warden, wielding a +0 arbalest and wearing a +0 chain mail (heavily wounded, magic disrupted, 63% to hit)
You throw a boomerang {throwing}.
The boomerang {throwing} closely misses the vault warden.
An ironbound preserver comes into view. It is wielding a +0 flail.
You redirect the vault warden's attack!
The vault warden shoots a bolt.
The bolt hits the vault warden!!
A yaktaur captain comes into view.
The hell knight begins to pray, but is stunned by your conviction!
Unknown command.
Throw: 19 boomerangs {throwing}
Press: ? - help, Q - select action, (/) - cycle Shift-Dir - straight line, f/p - vault warden
Aim: a vault warden, wielding a +0 arbalest and wearing a +0 chain mail (heavily wounded, not watching you, magic disrupted, 63% to hit)
You throw a boomerang {throwing}.
The boomerang {throwing} closely misses the vault warden.
Your surroundings suddenly seem different.
A yaktaur captain and a titan come into view.
The yaktaur captain wields a +3 arbalest.
The yaktaur captain shoots a bolt.
You block the bolt.
The titan gestures at you while chanting.
The bolt of lightning hits you!!
Throw: 19 boomerangs {throwing}
Press: ? - help, Q - select action, (/) - cycle Shift-Dir - straight line, f - titan
Aim: a titan (88% to hit)
Okay, then.
Unknown command.
An ancient lich comes into view.
The ancient lich shouts!
The ancient lich casts a spell at you. The bolt of acid hits you!!!
* * * LOW HITPOINT WARNING * * *
The titan points at you and mumbles some strange words.
The bolt of lightning hits you!!!
You die...

Skill      XL: |  1  2  3  4  5  6  7  8  9 10 11 12 13 14 15 16 17 18 19 20 21 22 |
---------------+-------------------------------------------------------------------+-----
Stealth        | 1 2 3 4 4 |  4.0
Armour         | 1 2 3 4 5 7 8 9 10 11 12 13 14 15 16 | 16.0
Unarmed Combat | 4 5 7 8 9 11 15 16 17 18 20 21 22 23 24 25 26 | 26.7
Fighting       | 3 4 5 6 7 9 10 11 12 13 14 15 16 17 18 | 18.5
Evocations     | 1 2 3 5 0 |  0.0
Shields        | 3 5 6 8 9 10 11 12 14 15 | 15.3
Throwing       | |  1.5
Dodging        | |  2.4

Action                   |  1- 3 |  4- 6 |  7- 9 | 10-12 | 13-15 | 16-18 | 19-21 | 22-24 || total
-------------------------+-------+-------+-------+-------+-------+-------+-------+-------++-------
Melee: Unarmed           |   128 |   243 |   374 |  1047 |  1239 |  1316 |  1138 |   299 ||  5784
       Punch             |     1 |       |       |       |       |       |       |       ||     1
Throw: Dart              |       |       |     3 |     7 |       |       |       |       ||    10
       Boomerang         |       |       |       |    23 |     1 |       |       |     2 ||    26
Invok: Sacrifice Skill   |       |       |     1 |       |       |       |       |       ||     1
       Sacrifice Arcana  |       |       |       |     1 |       |       |       |       ||     1
       Sacrifice Experie |       |       |       |     1 |       |       |       |       ||     1
       Sacrifice Artific |       |       |       |     1 |       |       |       |       ||     1
       Apocalypse        |       |       |       |       |    12 |    10 |    15 |     7 ||    44
       Power Leap        |       |       |       |       |     2 |     3 |       |       ||     5
Evoke: Wand              |       |       |       |     7 |       |       |       |       ||     7
  Use: Scroll            |       |    14 |    11 |     5 |     8 |     1 |     3 |     1 ||    43
       Potion            |       |       |     1 |     1 |     7 |     3 |     1 |       ||    13
 Stab: Invisible         |       |       |     2 |     5 |    12 |    15 |     5 |     1 ||    40
       Distracted        |       |       |       |     2 |    11 |     5 |     5 |     1 ||    24
       Paralysed         |       |       |       |     2 |    23 |    16 |    21 |     4 ||    66
Armor: Leather armour    |    11 |       |       |       |       |       |       |       ||    11
       Chain mail        |    36 |    58 |       |       |       |       |       |       ||    94
       Plate armour      |       |   107 |   297 |   723 |   572 |   649 |   329 |       ||  2677
       Crystal plate arm |       |       |       |       |       |       |   171 |    85 ||   256
Dodge: Dodged            |    42 |    98 |   135 |   270 |   326 |   278 |   205 |    35 ||  1389
Block: Buckler           |     9 |    21 |    60 |   194 |   141 |    30 |       |       ||   455
       Kite shield       |       |       |       |       |   184 |   380 |   346 |    90 ||  1000
       Tower shield      |       |       |       |       |       |       |   106 |       ||   106

Levels and vault maps discovered:
D:1:      psy_arrival_whirlpool, layout_loops_cross,
          shapermc_ecumenical_altar_notcrosses
D:2:      minmay_alternating_diamond, layout_rooms
D:3:      layout_loops_corners, uniq_robin
D:4:      layout_cave_pools, minivault_14, dreamdust_princess_corridor,
          uniq_crazy_yiuf_cottage, uniq_edmund
D:5:      layout_loops_ring, minmay_mini_ossuary
D:6:      layout_gridville, xom_confusion_cloud, vehumet_statue,
          minmay_temple_entry_oklob
D:7:      layout_gridville, nicolae_specific_store
D:8:      nicolae_cairo_tiling_very_big, layout_basic, minmay_manual_monstrance
D:9:      layout_basic, serial_shops, nicolae_inconvenience_store,
          kennysheep_island_fort
D:10:     layout_roguey, kennysheep_cross_room, minmay_misc_feat_tiny,
          uniq_grum, uniq_sonja, uniq_maurice
D:11:     layout_long_grid, serial_shops, nicolae_shop_waterfront
D:12:     layout_roguey, erik_orc_4
D:13:     layout_cave_pools, grunt_vaults_entry_tiered, serial_undead,
          serial_undead_e, serial_undead_b, serial_undead_a, serial_undead_b,
          jiyva_altar_1, uniq_nessos
D:14:     layout_rooms, serial_park_paths [serial_park_minivault_5x5_3],
          uniq_frances
D:15:     grunt_enter_depths_snipers, layout_stronghold,
          nicolae_trove_entry_free_sample, minivault_25, nemelex_altar_shiori
Temple:   nicolae_temple_bog_church
Lair:1:   layout_chaotic_city, gammafunk_ghost_icy, infiniplex_staircase_pool_2
Lair:2:   layout_loops_ring, swamp_mist_pool
Lair:3:   layout_cave_pods, nicolae_spider_entry_non_spiders,
          minmay_lair_oklob_items, beast_lair_carwin_6, grunt_megastairs_2,
          serial_bayou_shore_a
Lair:4:   layout_misc_corridors, gammafunk_ghost_abyssal_escape, st_stairs_9,
          nicolae_lair_liquid_snakes
Lair:5:   minmay_lair_end_frog_pond, layout_loops_ring,
          nicolae_slime_entry_slimehenge, gauntlet_entry_generic, serial_bayou,
          serial_bayou_shore_b, serial_bayou_lagoon_a, serial_bayou_pond_b,
          serial_bayou_lagoon_b, lemuel_old_faithful, uniq_kirke
Swamp:1:  layout_falls_marsh, evilmike_swamp_ruin_house_4, swamp_pool2
Swamp:2:  layout_falls_marsh, evilmike_swamp_ruin_house_1
Swamp:3:  layout_basic_swamp, nicolae_swamp_dense_foliage, swamp_pool2
Swamp:4:  grunt_swamp_rune_castle, layout_basic_swamp, infiniplex_staircase_pool
Spider:1: layout_cave_pods
Spider:2: layout_spider_delve, hangedman_spider_tarantella_strand
Spider:3: layout_spider_delve
Spider:4: grunt_spider_rune_circles, drop_trap
Orc:1:    layout_caves, serial_shops, shop, nicolae_shop_crystal,
          nicolae_lakefront_shop, basic_altar, library_closet
Orc:2:    pf_orc_diabolical, layout_caves, serial_shops, nicolae_square_shop
Elf:1:    eino_elf_arrival_the_gate, layout_loops_cross,
          gammafunk_ghost_tricky_traps, serial_shops, nicolae_shop_waterfront,
          hangedman_elven_crosses_minicolossus, grunt_ministairs_2
Elf:2:    nicolae_elf_blades_crystal_corner, layout_geoelf_grid
Vaults:1: nicolae_vaults_border_crossing, v_misc_15, vaults_room_corners,
          hangedman_vaults_stream, nicolae_vaults_specimen_jars, door_vault,
          v_misc_10, grunt_vaults_twisty, v_alt_pattern_5,
          ontoclasm_vaults_shuriken, vaults_dpeg_emergency_exit,
          ontoclasm_vaults_twist, layout_vaults_ring
Vaults:2: v_misc_26, vaults_room_hangedman_quadrants, v_alt_pattern_6,
          hangedman_vaults_stretched_pinwheel, nicolae_vaults_ring_of_whatevers,
          ontoclasm_vaults_ring_square, serial_ice_b, v_misc_26,
          nicolae_vaults_little_squares_5, vaults_dpeg_diagonal,
          layout_vaults_chaotic_city
Vaults:3: minmay_crypt_entry_simple_statues, vaults_mumra_chevron, v_misc_12,
          nicolae_vaults_hallways_thing, nicolae_vaults_little_squares_4,
          v_misc_23, vaults_room_guarded_vault, layout_vaults_omnigrid,
          uniq_aizul
Vaults:4: nicolae_vaults_stairing_the_circle, vaults_room_corners,
          nicolae_vaults_circle_grid_a, nicolae_vaults_alarming,
          grunt_vaults_funnel, ontoclasm_vaults_ligature,
          dpeg_vaults_hating_casters, nicolae_vaults_back_hallway,
          vaults_room_mumra_shop_pool, vaults_dpeg_cross,
          layout_vaults_omnicross
Vaults:5
Depths:1: nicolae_cairo_tiling_large_dashed, layout_basic, enter_ziggurat_f,
          lightli_too_deep, nicolae_dithmenos_shadow_blocks,
          kennysheep_small_circle, uniq_enchantress
Depths:2: minmay_connected_boxes_in_corner, layout_gridlike, hell_entry,
          rand_demon_pan_entry_9, nicolae_uskayaw_suspiria
Depths:3: kennysheep_blocky_hall, layout_basic,
          nicolae_abyss_entry_one_way_or_another, hell_entry
Depths:4: grunt_zot_entry_gee_three, layout_basic, minmay_misc_feat_roman,
          hell_entry, abyss_entry_crystal

Notes
Turn   | Place    | Note
-------+----------+-------------------------------------------
     0 | D:1      | Sobieck the Ghoul Gladiator began the quest for the Orb.
     0 | D:1      | Reached XP level 1. HP: 17/17 MP: 0/0
   126 | D:1      | Reached XP level 2. HP: 25/25 MP: 1/1
   254 | D:1      | Reached skill level 1 in Stealth
   441 | D:1      | You pick up a book of the Hunter and begin reading...
   441 | D:1      | You add the spells Call Canine Familiar, Portal Projectile
                  | and Leda's Liquefaction to your library.
   470 | D:1      | Reached XP level 3. HP: 24/30 MP: 2/2
   677 | D:1      | You fall into a shaft and drop 1 floor!
   765 | D:2      | You add the spells Tukima's Dance, Passage of Golubria and
                  | Yara's Violent Unravelling to your library.
   804 | D:2      | Reached skill level 1 in Armour
   804 | D:2      | Reached skill level 4 in Unarmed Combat
   815 | D:2      | You pick up a book of Winter and begin reading...
   815 | D:2      | You add the spells Ozocubu's Armour, Metabolic Englaciation
                  | and Simulacrum to your library.
   920 | D:1      | Found a faded altar of an unknown god.
  1445 | D:2      | Reached XP level 4. HP: 34/37 MP: 3/3
  1869 | D:3      | Noticed Robin
  1903 | D:2      | Reached skill level 3 in Fighting
  2018 | D:2      | Killed Robin
  2019 | D:2      | Reached skill level 2 in Stealth
  2083 | D:2      | Reached XP level 5. HP: 28/45 MP: 2/4
  2619 | D:3      | You pick up a book of Necromancy and begin reading...
  2619 | D:3      | You add the spells Necrotise, Vampiric Draining and Agony
                  | to your library.
  2993 | D:4      | Identified a scroll of acquirement
  2996 | D:3      | Acquired the +6 plate armour of Elyvilon's Benevolence
                  | {Stlth+}
  3071 | D:3      | Reached skill level 5 in Unarmed Combat
  3457 | D:4      | Identified the +1 ring mail "Uqouriew" {Regen+ Str+2 SInv
                  | Stlth+}
  3457 | D:4      | Noticed Edmund
  3551 | D:5      | Entered Level 5 of the Dungeon
  3591 | D:5      | Reached XP level 6. HP: 51/51 MP: 3/5
  3608 | D:5      | Reached skill level 2 in Armour
  3659 | D:5      | Reached skill level 3 in Stealth
  3674 | D:5      | You pick up a book of Air and begin reading...
  3674 | D:5      | You add the spells Shock, Swiftness and Airstrike to your
                  | library.
  3857 | D:5      | You pick up a book of Minor Magic and begin reading...
  3857 | D:5      | You add the spells Magic Dart, Call Imp and Mephitic Cloud
                  | to your library.
  3880 | D:5      | Noticed an ice beast
  3894 | D:5      | Killed an ice beast
  3895 | D:5      | Reached skill level 4 in Fighting
  3928 | D:5      | You add the spells Alistair's Intoxication, Borgnjor's Vile
                  | Clutch and Eringya's Noxious Bog to your library.
  3963 | D:5      | Reached XP level 7. HP: 58/59 MP: 6/6
  3996 | D:5      | Reached skill level 6 in Unarmed Combat
  4229 | D:5      | Reached skill level 3 in Armour
  4229 | D:5      | Reached skill level 4 in Stealth
  4361 | D:5      | Reached skill level 7 in Unarmed Combat
  4539 | D:6      | Found a radiant altar of Vehumet.
  4624 | D:6      | Found a staircase to the Ecumenical Temple.
  4640 | D:6      | Reached skill level 1 in Evocations
  4640 | D:6      | Reached XP level 8. HP: 66/66 MP: 7/7
  4641 | Temple   | Entered the Ecumenical Temple
  4649 | Temple   | Became a worshipper of Ru the Awakened
  5283 | D:6      | Reached skill level 8 in Unarmed Combat
  5283 | D:6      | Reached skill level 2 in Evocations
  5558 | D:6      | Reached skill level 5 in Fighting
  5664 | D:6      | Reached skill level 4 in Armour
  5873 | D:6      | Found a shimmering altar of Xom.
  5980 | D:7      | Found Bucloan's General Store.
  5985 | D:7      | Found Pougunt's Specific Store.
  5989 | D:7      | Bought a potion of heal wounds for 60 gold pieces
  5993 | D:7      | Bought a scroll of butterflies for 52 gold pieces
  5993 | D:7      | Bought a scroll of teleportation for 39 gold pieces
  5993 | D:7      | Bought a potion of heal wounds for 65 gold pieces
  6056 | D:7      | Reached XP level 9. HP: 74/74 MP: 6/8
  6124 | D:7      | Reached skill level 9 in Unarmed Combat
  6124 | D:7      | Reached skill level 3 in Evocations
  6451 | D:7      | Gained mutation: You are somewhat unskilled. (-1 Apt) [Ru
                  | sacrifice]
  6451 | D:7      | Reduced skill Stealth to level 3
  6451 | D:7      | Reduced skill Unarmed Combat to level 8
  6451 | D:7      | Reached * piety under Ru
  7073 | D:8      | Found a staircase to the Lair.
  7291 | D:8      | Reached skill level 4 in Stealth
  7373 | D:8      | Noticed a two-headed ogre
  7419 | D:8      | Killed a two-headed ogre
  7420 | D:8      | Reached skill level 6 in Fighting
  7420 | D:8      | Reached skill level 9 in Unarmed Combat
  7755 | D:8      | Reached XP level 10. HP: 83/83 MP: 9/9
  7797 | D:8      | You pick up a book of Weapons and begin reading...
  7820 | D:8      | Reached skill level 4 in Evocations
  7825 | D:8      | Noticed a cyclops
  7836 | D:8      | Killed a cyclops
  7837 | D:8      | Reached skill level 5 in Armour
  7996 | D:8      | Noticed a cyclops
  8008 | D:8      | Killed a cyclops
  8009 | D:8      | Reached skill level 10 in Unarmed Combat
  8569 | D:9      | Found Hees's Book Shop.
  8727 | D:9      | Noticed a tengu warrior
  8845 | D:9      | Identified the ring of the Failed Coup {Fly Dex+2 Stlth+}
  8922 | Lair:1   | Entered Level 1 of the Lair of Beasts
  9035 | Lair:1   | HP: 15/84 [komodo dragon (15)]
  9377 | Lair:1   | Noticed a seven-headed hydra
  9385 | Lair:1   | Noticed SensoryNuts's ghost (novice DsFi)
  9389 | Lair:1   | Killed a seven-headed hydra
  9390 | Lair:1   | Reached skill level 7 in Fighting
  9499 | Lair:1   | Found a runed translucent gate.
  9499 | Lair:1   | Found a runed translucent gate.
  9499 | Lair:1   | Found a runed translucent gate.
  9525 | Lair:1   | Noticed a cane toad
  9539 | Lair:1   | Killed a cane toad
  9540 | Lair:1   | Reached skill level 5 in Evocations
  9838 | Lair:1   | Gained mutation: You cannot study or cast Fire magic. [Ru
                  | sacrifice]
  9838 | Lair:1   | Gained mutation: You cannot study or cast Transmutations
                  | magic. [Ru sacrifice]
  9838 | Lair:1   | Gained mutation: You cannot study or cast Necromancy magic.
                  | [Ru sacrifice]
  9838 | Lair:1   | Reached ** piety under Ru
  9995 | Lair:1   | Reached skill level 11 in Unarmed Combat
  9995 | Lair:1   | Reached XP level 11. HP: 88/92 MP: 10/10
 10021 | Lair:1   | Noticed a six-headed hydra
 10033 | Lair:1   | Killed a six-headed hydra
 10034 | Lair:1   | Reached skill level 6 in Armour
 10545 | Lair:2   | Identified the +1 leather armour "Cufush" {rCorr}
 10707 | Lair:2   | Noticed a five-headed hydra
 10738 | Lair:2   | Killed a five-headed hydra
 10739 | Lair:2   | Reached skill level 8 in Fighting
 11045 | Lair:2   | Reached skill level 12 in Unarmed Combat
 11425 | Lair:2   | Reached skill level 7 in Armour
 11634 | Lair:2   | Found a staircase to the Swamp.
 11906 | Lair:3   | Noticed an oklob plant
 11997 | Lair:3   | Noticed a seven-headed hydra
 12137 | Lair:3   | Reached skill level 13 in Unarmed Combat
 12583 | Lair:3   | Killed a seven-headed hydra
 12584 | Lair:3   | Reached XP level 12. HP: 67/101 MP: 6/11
 12739 | Lair:3   | Found a hole to the Spider Nest.
 12831 | Lair:3   | Reached skill level 14 in Unarmed Combat
 12834 | Lair:3   | Noticed a seven-headed hydra
 13031 | Lair:3   | Killed a seven-headed hydra
 13032 | Lair:3   | Reached skill level 1 in Shields
 13417 | Lair:3   | Gained mutation: You are somewhat inexperienced. (-1 XL)
                  | [Ru sacrifice]
 13417 | Lair:3   | Reached XP level 11. HP: 95/95 MP: 10/10
 13417 | Lair:3   | Reached *** piety under Ru
 13417 | Lair:3   | Reached **** piety under Ru
 13564 | Lair:3   | Noticed an eight-headed hydra
 13587 | Lair:3   | Killed an eight-headed hydra
 13588 | Lair:3   | Reached skill level 2 in Shields
 14536 | Lair:4   | Noticed a death yak
 14536 | Lair:4   | Noticed an eight-headed hydra
 14561 | Lair:3   | Killed an eight-headed hydra
 14711 | Lair:3   | Killed a death yak
 14712 | Lair:3   | Reached skill level 3 in Shields
 14931 | Lair:4   | Found a transporter.
 14955 | Lair:4   | Reached skill level 15 in Unarmed Combat
 14959 | Lair:4   | Reached skill level 9 in Fighting
 15202 | Lair:4   | Noticed a soul eater
 15279 | Lair:4   | Found a transporter.
 15285 | Lair:4   | Noticed amoryguerra's ghost (journeyman MiBe)
 15287 | Lair:4   | Found a one-way gate to the infinite horrors of the Abyss.
 15402 | Lair:4   | Reached XP level 12. HP: 89/104 MP: 8/11
 15518 | Lair:4   | Reached skill level 8 in Armour
 15937 | Lair:5   | Entered Level 5 of the Lair of Beasts
 16134 | Lair:5   | Reached skill level 4 in Shields
 17166 | Lair:5   | Gained mutation: You cannot study or use magical devices.
                  | [Ru sacrifice]
 17166 | Lair:5   | Reduced skill Evocations to level 0
 17166 | Lair:5   | Reached ***** piety under Ru
 17166 | Lair:5   | Reached ****** piety under Ru
 17267 | Lair:5   | Reached skill level 16 in Unarmed Combat
 17688 | Lair:5   | Reached skill level 10 in Fighting
 17803 | Lair:5   | Noticed Kirke
 18017 | Lair:4   | Killed Kirke
 18018 | Lair:4   | Reached skill level 5 in Shields
 18553 | Lair:5   | Found a staircase to the Slime Pits.
 18580 | Lair:5   | Found a viscous altar of Jiyva.
 18643 | Lair:5   | Reached XP level 13. HP: 83/113 MP: 10/12
 18658 | Lair:5   | Reached skill level 9 in Armour
 20156 | D:10     | Entered Level 10 of the Dungeon
 20189 | D:10     | You pick up a book of Scorching and begin reading...
 20624 | D:10     | Noticed Maurice
 20636 | D:10     | Killed Maurice
 20756 | D:10     | Noticed Sonja
 20777 | D:10     | Killed Sonja
 20778 | D:10     | Reached skill level 17 in Unarmed Combat
 20871 | D:10     | Noticed Grum
 20977 | D:10     | Killed Grum
 21164 | D:11     | Reached skill level 6 in Shields
 21339 | D:11     | Found Podeigu's Weapon Shop.
 22165 | D:12     | Reached skill level 11 in Fighting
 22411 | D:12     | Found a staircase to the Orcish Mines.
 22645 | D:12     | You pick up a book of Misfortune and begin reading...
 22645 | D:12     | You add the spells Confusing Touch and Enfeeble to your
                  | library.
 22854 | D:13     | Found a viscous altar of Jiyva.
 22881 | D:12     | HP: 21/92 [skeletal warrior/+0 scimitar (16)]
 23064 | D:13     | Noticed Nessos
 23072 | D:13     | Killed Nessos
 23223 | D:13     | Reached XP level 14. HP: 85/90 MP: 3/13
 23549 | D:12     | Reached skill level 10 in Armour
 23788 | D:13     | Reached skill level 7 in Shields
 23825 | D:13     | You pick up a book of the Moon and begin reading...
 23825 | D:13     | You add the spells Silence and Lehudib's Crystal Spear to
                  | your library.
 23849 | D:13     | Reached skill level 18 in Unarmed Combat
 24555 | D:13     | Found a gate to the Vaults.
 24601 | D:14     | Noticed Frances
 24808 | D:13     | HP: 25/110 [efreet/fireball (22)]
 25260 | D:14     | Killed Frances
 25354 | D:14     | Reached skill level 12 in Fighting
 25933 | D:15     | Entered Level 15 of the Dungeon
 26238 | D:15     | You pick up a book of Weapons and begin reading...
 26295 | D:15     | Found a staircase to the Depths.
 26591 | D:15     | Found a sparkling altar of Nemelex Xobeh.
 26716 | D:15     | Found a portal to a secret trove of treasure.
 27083 | D:15     | Reached skill level 8 in Shields
 27424 | Orc:1    | Entered Level 1 of the Orcish Mines
 27424 | Orc:1    | Found Oshreadd's Assorted Antiques.
 27557 | Orc:1    | Reached XP level 15. HP: 134/134 MP: 14/14
 27573 | Orc:1    | Found Syeckom's General Store.
 27769 | Orc:1    | Reached skill level 19 in Unarmed Combat
 27773 | Orc:1    | Found Wemnioc's General Store.
 27919 | Orc:2    | Entered Level 2 of the Orcish Mines
 27920 | Orc:2    | Found a staircase to the Elven Halls.
 28063 | Orc:2    | Found Wagryhin's Weapon Shop.
 28132 | Orc:2    | Found Pazxol's General Store.
 28135 | Orc:2    | Found Diumet's General Store.
 28418 | Orc:2    | Bought a scroll of blinking for 127 gold pieces
 28485 | Orc:2    | Identified a +2 robe of the Archmagi
 28819 | Orc:2    | Reached skill level 11 in Armour
 29186 | Orc:2    | Found Xacas's Antique Weapon Shoppe.
 29186 | Orc:2    | Found Niqoh's Book Emporium.
 29187 | Orc:2    | Found a one-way gate leading to the halls of Pandemonium.
 29820 | Spider:1 | Entered Level 1 of the Spider Nest
 29867 | Spider:1 | Reached skill level 13 in Fighting
 30526 | Spider:1 | Reached skill level 20 in Unarmed Combat
 31192 | Spider:1 | You pick up a book of Callings and begin reading...
 31192 | Spider:1 | You add the spells Summon Small Mammal and Summon Guardian
                  | Golem to your library.
 33222 | Spider:2 | Reached XP level 16. HP: 144/144 MP: 15/15
 34422 | Spider:3 | You add the spells Manifold Assault and Disjunction to your
                  | library.
 34422 | Spider:3 | Got the Collected Works on Changing and the Jaunt
 34500 | Spider:3 | You add the spells Gell's Gravitas, Teleport Other and
                  | Dispersal to your library.
 34549 | Spider:4 | Entered Level 4 of the Spider Nest
 34715 | Spider:3 | Reached skill level 9 in Shields
 34892 | Spider:4 | Reached skill level 21 in Unarmed Combat
 36015 | Spider:4 | Reached skill level 14 in Fighting
 36691 | Spider:4 | Reached skill level 12 in Armour
 37066 | Spider:4 | Got a gossamer rune of Zot
 37085 | Spider:4 | Identified the +3 hat of Eriucvipsu {Str+2}
 37388 | Swamp:1  | Entered Level 1 of the Swamp
 37878 | Swamp:1  | Reached XP level 17. HP: 79/152 MP: 6/16
 38531 | Swamp:1  | Identified the +1 pair of boots "Timexann" {Int+2}
 38556 | Swamp:1  | Identified the +5 falchion "Izxao" {freeze, rC+}
 40210 | Swamp:3  | You pick up a book of Lightning and begin reading...
 40210 | Swamp:3  | You add the spells Static Discharge, Lightning Bolt and
                  | Maxwell's Capacitive Coupling to your library.
 40286 | Swamp:3  | Reached skill level 10 in Shields
 40771 | Swamp:4  | Entered Level 4 of the Swamp
 40773 | Swamp:4  | Paralysed by a fenstrider witch for 4 turns
 40844 | Swamp:3  | Reached skill level 22 in Unarmed Combat
 40914 | Swamp:4  | Noticed a tentacled monstrosity
 40918 | Swamp:4  | Killed a tentacled monstrosity
 41543 | Swamp:4  | You pick up a book of Callings and begin reading...
 41550 | Swamp:4  | Noticed the 27-headed Lernaean hydra
 41562 | Swamp:3  | Killed the 27-headed Lernaean hydra
 41656 | Swamp:4  | Reached skill level 15 in Fighting
 41698 | Swamp:4  | You pick up a book of Power and begin reading...
 41698 | Swamp:4  | You add the spells Iskenderun's Battlesphere, Iron Shot and
                  | Spellforged Servitor to your library.
 41706 | Swamp:4  | Got a decaying rune of Zot
 42700 | Swamp:4  | You pick up a book of the Dragon and begin reading...
 42700 | Swamp:4  | You add the spells Cause Fear and Dragon's Call to your
                  | library.
 43120 | Vaults:1 | Entered Level 1 of the Vaults
 43159 | Vaults:1 | Reached XP level 18. HP: 158/158 MP: 17/17
 43557 | Vaults:1 | Reached skill level 13 in Armour
 44252 | Vaults:1 | Reached skill level 11 in Shields
 44570 | Vaults:1 | Reached skill level 23 in Unarmed Combat
 45706 | Vaults:1 | Found a huge runed gate.
 45706 | Vaults:1 | Found a huge runed gate.
 45706 | Vaults:1 | Found a huge runed gate.
 45706 | Vaults:1 | Found a huge runed gate.
 45706 | Vaults:1 | Found a huge runed gate.
 45707 | Vaults:1 | Found a huge runed gate.
 45707 | Vaults:1 | Found a huge runed gate.
 45707 | Vaults:1 | Found a huge runed gate.
 45707 | Vaults:1 | Found a huge runed gate.
 45707 | Vaults:1 | Found a huge runed gate.
 45708 | Vaults:1 | Found a huge runed gate.
 45708 | Vaults:1 | Found a huge runed gate.
 45709 | Vaults:1 | Found a huge runed gate.
 45710 | Vaults:1 | Found a huge runed gate.
 45711 | Vaults:1 | Found a huge runed gate.
 45719 | Vaults:1 | Found a huge runed gate.
 45719 | Vaults:1 | Found a huge runed gate.
 45719 | Vaults:1 | Found a huge runed gate.
 45719 | Vaults:1 | Found a huge runed gate.
 45719 | Vaults:1 | Found a huge runed gate.
 45719 | Vaults:1 | Found a huge runed gate.
 45720 | Vaults:1 | Found a huge runed gate.
 45721 | Vaults:1 | Found a huge runed gate.
 45722 | Vaults:1 | Found a huge runed gate.
 45730 | Vaults:1 | Found a huge runed gate.
 45730 | Vaults:1 | Found a huge runed gate.
 45730 | Vaults:1 | Found a huge runed gate.
 45730 | Vaults:1 | Found a huge runed gate.
 45730 | Vaults:1 | Found a huge runed gate.
 45730 | Vaults:1 | Found a huge runed gate.
 45731 | Vaults:1 | Found a huge runed gate.
 45773 | Vaults:1 | Found a huge runed gate.
 45774 | Vaults:1 | Found a huge runed gate.
 45782 | Vaults:1 | Found a huge runed gate.
 45782 | Vaults:1 | Found a huge runed gate.
 45782 | Vaults:1 | Found a huge runed gate.
 47072 | Vaults:2 | Reached skill level 16 in Fighting
 47080 | Vaults:2 | Reached XP level 19. HP: 144/164 MP: 18/18
 48707 | Vaults:3 | Identified the +8 flail of Yfaasmiteol {vorpal, Str+4
                  | Dex+4}
 49194 | Vaults:3 | You pick up a book of Blasting and begin reading...
 49194 | Vaults:3 | You add the spells Fulminant Prism, Iskenderun's Mystic
                  | Blast and Lee's Rapid Deconstruction to your library.
 49438 | Vaults:3 | Noticed Aizul
 49451 | Vaults:3 | Killed Aizul
 49649 | Vaults:3 | Reached skill level 24 in Unarmed Combat
 49916 | Vaults:3 | Reached skill level 14 in Armour
 49937 | Vaults:3 | Reached skill level 12 in Shields
 50176 | Vaults:3 | Found a staircase to the Crypt.
 51615 | Vaults:4 | Reached XP level 20. HP: 166/167 MP: 19/19
 51735 | Vaults:5 | Entered Level 5 of the Vaults
 51827 | Vaults:5 | Reached skill level 17 in Fighting
 52727 | Vaults:4 | Found Mebrichiabie's Armour Boutique.
 53163 | Vaults:5 | Reached skill level 25 in Unarmed Combat
 53503 | Depths:1 | Entered Level 1 of the Depths
 53975 | D:15     | Reached skill level 13 in Shields
 54096 | Depths:1 | Noticed the Enchantress
 54096 | Depths:1 | the Enchantress comes into view. She is wielding a +4
                  | rapier of draining, wearing the +3 faerie dragon scales
                  | {rF+ rCorr Int+4} and wearing a +0 buckler of positive
                  | energy.
 54131 | Depths:1 | Killed the Enchantress
 54132 | Depths:1 | Reached skill level 15 in Armour
 54767 | Depths:1 | Found a one-way gateway to a ziggurat.
 54879 | Depths:1 | Found Guv Hipe's Jewellery Boutique.
 54913 | Depths:1 | Bought the ring "Teplyata" {Will+ Str+4 Int+6 SInv} for 856
                  | gold pieces
 55130 | Depths:1 | Reached skill level 14 in Shields
 55461 | Depths:1 | Found a shadowy altar of Dithmenos.
 55566 | Depths:1 | Found a gateway to Hell.
 55799 | Depths:1 | Identified a +0 crystal plate armour
 55804 | Depths:1 | Identified the +1 chain mail of Watchfulness {rC+}
 55811 | Depths:1 | N - a +0 crystal plate armour {rare=g}
 55822 | Depths:1 | You finish putting on your +0 crystal plate armour
                  | {rare=g}.
 55827 | Depths:1 | You finish taking off your +0 crystal plate armour
                  | {rare=g}.
 55842 | Depths:1 | You finish putting on your +0 crystal plate armour
                  | {rare=g}.
 55842 | Depths:1 | your +0 crystal plate armour {rare=g} glows green for a
                  | moment.
 55843 | Depths:1 | your +1 crystal plate armour {rare=g} glows green for a
                  | moment.
 56681 | Depths:2 | Reached XP level 21. HP: 169/191 MP: 17/20
 57751 | Depths:2 | Identified the +1 chain mail "Jegu" {rElec Int+3}
 58295 | Depths:2 | Paralysed by a floating eye for 3 turns
 59358 | Depths:2 | Found a hide-covered altar of Uskayaw.
 59792 | Depths:3 | You pick up a book of the Moon and begin reading...
 59911 | Depths:3 | You pick up a book of Annihilations and begin reading...
 59911 | Depths:3 | You add the spells Chain Lightning and Shatter to your
                  | library.
 60317 | Depths:3 | Noticed Louise
 60326 | Depths:3 | Killed Louise
 60346 | Depths:3 | +0 shadow dragon scales {rare}; a shadow dragon corpse
 60565 | Depths:3 | +0 shadow dragon scales {rare}; a shadow dragon skeleton
 60565 | Depths:3 | +0 shadow dragon scales {rare}; a shadow dragon skeleton
 60565 | Depths:3 | Could not pick up +0 shadow dragon scales {rare} here;
                  | ([A]lways) ignore it?
 60609 | Depths:3 | You pick up a book of Weapons and begin reading...
 60998 | Depths:4 | Entered Level 4 of the Depths
 61615 | Depths:4 | HP: 44/193 [ice dragon/blast of cold (11)]
 61619 | Depths:4 | Reached skill level 26 in Unarmed Combat
 62047 | Depths:4 | Reached XP level 22. HP: 166/168 MP: 9/21
 62653 | Depths:4 | Noticed a golden dragon
 62660 | Depths:4 | Killed a golden dragon
 62661 | Depths:4 | Reached skill level 18 in Fighting
 62663 | Depths:4 | Found a gate to the Realm of Zot.
 62767 | Depths:4 | Noticed a caustic shrike
 62780 | Depths:4 | Killed a caustic shrike
 62780 | Depths:4 | Noticed a caustic shrike
 62790 | Depths:4 | Killed a caustic shrike
 62867 | Depths:4 | Noticed a caustic shrike
 62875 | Depths:4 | Killed a caustic shrike
 63223 | Elf:1    | Entered Level 1 of the Elven Halls
 63396 | Elf:1    | Paralysed by an air elemental for 1 turns
 63402 | Elf:1    | Paralysed by an air elemental for 1 turns
 63612 | Elf:1    | Paralysed by an air elemental for 1 turns
 63633 | Elf:1    | Reached skill level 15 in Shields
 64456 | Elf:1    | Found Koafeipeu's General Store.
 64483 | Elf:1    | Reached skill level 16 in Armour
 64727 | Elf:1    | Found a runed translucent gate.
 64727 | Elf:1    | Found a runed translucent gate.
 64728 | Elf:1    | Found a runed translucent gate.
 64729 | Elf:1    | Noticed Eveboq's ghost (adept HuCj)
 64746 | Elf:1    | Killed Eveboq's ghost
 64756 | Elf:1    | Identified the +1 pair of gloves of Uneujegu {Contam rF+
                  | Will++}
 64764 | Elf:1    | Identified the ring of Gepraece {rN++ Str-3 Int+6}
 65249 | D:4      | Found a runed translucent door.
 65250 | D:4      | Noticed Crazy Yiuf
 65289 | D:4      | Killed Edmund
 65462 | D:4      | Killed Crazy Yiuf
 65858 | Lair:1   | Killed SensoryNuts's ghost
 66152 | Lair:4   | Killed amoryguerra's ghost
 66227 | Lair:4   | You pick up a book of Displacement and begin reading...
 67151 | Vaults:5 | Noticed an ancient lich
 67152 | Vaults:5 | Killed from afar by a titan

Vanquished Creatures
  the Lernaean hydra (Swamp:3)
  3 caustic shrikes (Depths:4)
  A golden dragon (Depths:4)
  the Enchantress (Depths:1)
  3 tentacled monstrosities
  A lich (Vaults:2)
  A titan (Vaults:4)
  2 quicksilver dragons
  A walking divine tome (Depths:2)
  Frances (D:14)
  2 sphinxes
  4 storm dragons
  A shadow dragon (Depths:3)
  2 tengu reavers
  Kirke (Lair:4)
  The ghost of Eveboq the Devastator, an adept HuCj of Vehumet (Elf:1)
  A deep elf sorcerer (Vaults:5)
  A fenstrider witch (Swamp:4)
  11 emperor scorpions
  6 frost giants
  16 vault wardens
  Aizul (Vaults:3)
  4 fire giants
  5 ghost moths
  Louise (Depths:3)
  A balrug (Depths:1)
  15 ironbound preservers
  A broodmother (Spider:2)
  3 spriggan defenders
  2 draconian shifters (Depths:4)
  7 ironbound thunderhulks
  5 vampire knights
  2 war gargoyles
  4 ghouls
  The ghost of amoryguerra the Severer, a journeyman MiBe of Trog (Lair:4)
  20 stone giants
  31 very ugly things
  A deep elf annihilator (Vaults:5)
  Nessos (D:13)
  A black draconian (Depths:4)
  2 purple draconians (Depths:4)
  A red draconian (Depths:4)
  2 eleionomae
  A yellow draconian (Depths:4)
  8 bunyips
  2 white draconians (Depths:4)
  4 spark wasps
  4 entropy weavers
  17 ettins
  A deep elf death mage (Vaults:1)
  A crystal guardian (Vaults:3)
  10 fire dragons
  38 vault guards
  A shambling mangrove (Swamp:2)
  2 deep elf high priests
  3 jiangshi (Depths:2)
  16 yaktaur captains
  4 ice dragons
  6 rakshasas
  3 great orbs of eyes
  27 hydras
  3 peacekeepers
  4 two-headed ogres
  4 boulder beetles
  16 centaur warriors
  4 spriggan air magi
  A jorogumo (shapeshifter) (Depths:4)
  An ogre mage (Vaults:5)
  A ghost crab (Swamp:2)
  7 ironbound frosthearts
  3 radroaches
  3 demonspawn (Orc:2)
  6 alligators
  13 dancing weapons
  2 deep troll earth magi
  A jorogumo (Spider:3)
  A death knight (D:13)
  4 deep troll shamans
  6 tengu warriors
  A death yak (shapeshifter) (Vaults:1)
  3 vampire magi
  The ghost of SensoryNuts the Cleaver, a novice DsFi of Gozag (Lair:1)
  7 death yaks
  5 spriggan berserkers
  2 soul eaters
  20 spriggans
  5 deep elf knights (Elf:1)
  7 orc high priests (Orc:2)
  A sun demon (Orc:2)
  A hell knight (Depths:4)
  Sonja (D:10)
  A sun moth (Spider:1)
  2 flayed ghosts
  7 pharaoh ants
  A death drake (Swamp:3)
  A shadow wraith (Vaults:2)
  5 iron trolls
  2 glowing orange brains
  7 goliath frogs
  8 steelbarb worms
  9 skeletal warriors
  55 deep trolls
  2 spriggan druids
  10 swamp dragons
  14 wizards
  A glowing orange brain (shapeshifter) (Vaults:5)
  19 ironbound convokers
  5 orc knights
  3 necromancers
  9 deep elf archers (Elf:1)
  8 orb spiders
  15 bog bodies
  5 phantasmal warriors
  3 lindwurms
  14 deep elf pyromancers
  17 wolf spiders
  A shining eye (shapeshifter) (Depths:3)
  9 deep elf zephyrmancers (Elf:1)
  5 orc sorcerers
  5 will-o-the-wisps
  2 manticores (D:14)
  67 ugly things
  7 cyclopes
  5 elephants (Lair:5)
  2 oklob plants (Lair:3)
  4 moths of wrath
  5 centaur zombies (D:13)
  2 black mambas
  2 smoke demons (Depths:1)
  Maurice (D:10)
  4 torpor snails
  18 vault sentinels
  An unseen horror (D:11)
  14 cane toads
  A gargoyle (D:10)
  46 yaktaurs
  5 rime drakes
  12 komodo dragons
  6 demonic crawlers
  An unseen horror (shapeshifter) (Lair:4)
  An efreet (D:13)
  An ice devil (Orc:2)
  2 freezing wraiths
  A kobold demonologist (D:10)
  2 tengu conjurers (Depths:2)
  A hellwing (Depths:2)
  4 trolls
  A queen bee (shapeshifter) (D:13)
  2 polar bears
  9 tyrant leeches
  A polar bear (shapeshifter) (D:15)
  3 meliai
  18 hornets
  28 tarantellas
  26 blink frogs
  2 raiju (Lair:4)
  A blink frog (shapeshifter) (D:14)
  An ettin zombie (Depths:1)
  A spriggan zombie (Depths:1)
  36 slime creatures
  25 jumping spiders
  A slime creature (shapeshifter) (Vaults:5)
  A fire giant simulacrum (Depths:1)
  A centaur simulacrum (D:15)
  A flying skull (Vaults:3)
  17 culicivoras
  3 wraiths
  35 yaks
  2 shadows
  A vampire (D:11)
  2 fire elementals
  2 water elementals (Elf:1)
  2 air elementals (Elf:1)
  7 basilisks
  Grum (D:10)
  2 steam dragons
  20 humans
  A hog (shapeshifter) (D:15)
  3 wyverns
  57 redbacks
  A neqoxec (Orc:2)
  2 wargs (Orc:1)
  6 hogs (Lair:4)
  17 vampire mosquitoes
  10 swamp worms
  Edmund (D:4)
  A glowing shapeshifter zombie (Depths:1)
  3 acid dragons
  14 water moccasins
  2 floating eyes (Depths:2)
  4 black bears
  7 swamp drakes (Swamp:4)
  2 sky beasts
  29 orc warriors
  A black mamba simulacrum (Lair:1)
  5 ice beasts
  5 ogres
  A boggart (Vaults:3)
  10 centaurs
  23 wolves
  14 bullfrogs
  2 kobold brigands (D:6)
  3 gnoll sergeants
  A necrophage (Swamp:4)
  3 earth elementals (Elf:1)
  7 scorpions
  2 cane toad simulacra (Lair:1)
  9 killer bees
  10 electric eels
  An oklob sapling (D:6)
  5 howler monkeys
  5 lava snakes
  A komodo dragon simulacrum (Lair:1)
  A wyvern simulacrum (Lair:1)
  A water moccasin simulacrum (Lair:1)
  Crazy Yiuf (D:4)
  5 hounds
  A gnoll bouda (D:5)
  20 orc priests
  5 jellies
  A boggart zombie (D:13)
  2 iguanas
  18 orc wizards
  A statue (D:6)
  A bullfrog simulacrum (Lair:1)
  Robin (D:2)
  A mummy (D:5)
  16 gnolls
  11 adders
  2 shadow imps
  4 white imps
  An ufetubus (D:5)
  2 worms
  2 dart slugs (D:1)
  62 orcs
  8 ball pythons
  13 endoplasms
  4 giant cockroaches
  13 goblins
  12 hobgoblins
  9 jackals
  12 kobolds
  5 quokkas
  5 bats
  2 kobold zombies (D:5)
  2 orc zombies (D:5)
  9 rats
  A bush (Lair:3)
1688 creatures vanquished.

Vanquished Creatures (others)
  An ironbound thunderhulk (Vaults:3)
  A centaur warrior (Vaults:3)
  An ironbound frostheart (Vaults:4)
  A spriggan druid (Swamp:3)
  2 deep trolls
  A wizard (D:13)
  A wolf spider zombie (D:13)
  A cane toad (Lair:4)
  A komodo dragon (Lair:4)
  A rime drake (Lair:1)
  2 hornets (Swamp:2)
  A tyrant leech (Lair:4)
  5 bloated husks
  A blink frog (Lair:5)
  A spriggan (Swamp:2)
  A redback (Spider:2)
  An ogre (D:6)
  A centaur (D:11)
  An orc priest (Orc:2)
  A gnoll (D:10)
  An orc (Orc:2)
  6 bushes
  27 foxfires
  44 fungi
  215 plants
  A withered plant (D:13)
320 creatures vanquished.

Grand Total: 2008 creatures vanquished

Table legend:
 A = Non-vault XP
 B = Vault XP
 C = Vault XP percentage of total XP
 D = Non-vault monster count
 E = Vault monster count
 F = Vault count percentage of total count
                 A         B        C        D         E       F
            +---------+---------+-------+---------+---------+-------
      Total |  481044 |  315210 |  39.6 |    1100 |     599 |  35.3
            +---------+---------+-------+---------+---------+-------
        D:1 |      48 |       0 |   0.0 |      25 |       0 |   0.0
        D:2 |      54 |      50 |  48.1 |      12 |      13 |  52.0
        D:3 |     138 |       6 |   4.2 |      29 |       3 |   9.4
        D:4 |      22 |     204 |  90.3 |      11 |       2 |  15.4
        D:5 |     721 |      20 |   2.7 |      19 |       5 |  20.8
        D:6 |     455 |     710 |  60.9 |      19 |      11 |  36.7
        D:7 |    1339 |       0 |   0.0 |      26 |       0 |   0.0
        D:8 |    1576 |    1414 |  47.3 |      20 |       4 |  16.7
        D:9 |     925 |     973 |  51.3 |      12 |       3 |  20.0
       D:10 |    1956 |    1868 |  48.8 |      10 |       7 |  41.2
       D:11 |    5542 |       0 |   0.0 |      18 |       0 |   0.0
       D:12 |    6782 |    2784 |  29.1 |      22 |      24 |  52.2
       D:13 |    7996 |   11382 |  58.7 |      27 |      32 |  54.2
       D:14 |   11129 |    3464 |  23.7 |      29 |       5 |  14.7
       D:15 |   20058 |    3962 |  16.5 |      32 |       6 |  15.8
     Lair:1 |    3575 |    2620 |  42.3 |       9 |      12 |  57.1
     Lair:2 |   10535 |       0 |   0.0 |      37 |       0 |   0.0
     Lair:3 |   10940 |    2603 |  19.2 |      38 |      17 |  30.9
     Lair:4 |    7221 |    9974 |  58.0 |      27 |      32 |  54.2
     Lair:5 |   10593 |    7742 |  42.2 |      32 |      30 |  48.4
    Swamp:1 |   12812 |       0 |   0.0 |      25 |       0 |   0.0
    Swamp:2 |   10674 |       0 |   0.0 |      20 |       0 |   0.0
    Swamp:3 |   17698 |    8002 |  31.1 |      30 |       8 |  21.1
    Swamp:4 |   11409 |   14383 |  55.8 |      18 |      25 |  58.1
   Spider:1 |   18213 |       0 |   0.0 |      56 |       0 |   0.0
   Spider:2 |   21013 |     271 |   1.3 |      57 |       1 |   1.7
   Spider:3 |   14877 |    1322 |   8.2 |      29 |       2 |   6.5
   Spider:4 |   14882 |   17613 |  54.2 |      29 |      36 |  55.4
      Orc:1 |    2942 |       0 |   0.0 |      25 |       0 |   0.0
      Orc:2 |    1464 |   17181 |  92.1 |      18 |      59 |  76.6
      Elf:1 |   12393 |   20810 |  62.7 |      22 |      33 |  60.0
   Vaults:1 |   23697 |   43091 |  64.5 |      39 |      61 |  61.0
   Vaults:2 |   22594 |    9734 |  30.1 |      32 |      11 |  25.6
   Vaults:3 |   36410 |   17754 |  32.8 |      47 |      26 |  35.6
   Vaults:4 |   24769 |   17497 |  41.4 |      40 |      26 |  39.4
   Vaults:5 |   10447 |   43507 |  80.6 |      14 |      48 |  77.4
   Depths:1 |   29231 |   11371 |  28.0 |      41 |      13 |  24.1
   Depths:2 |   37398 |   19326 |  34.1 |      49 |      22 |  31.0
   Depths:3 |   16828 |    5217 |  23.7 |      17 |       5 |  22.7
   Depths:4 |   39688 |   18355 |  31.6 |      38 |      17 |  30.9
            +---------+---------+-------+---------+---------+-------

Illustrated notes

Table legend:
 A = Kills in this place as a percentage of kills in entire the game.
 B = Kills by you in this place as a percentage of kills by you in the entire game.
 C = Kills by friends in this place as a percentage of kills by friends in the entire game.
 D = Other kills in this place as a percentage of other kills in the entire game.
 E = Experience gained in this place as a percentage of experience gained in the entire game.
 F = Experience gained in this place divided by the number of levels of this place that you have seen.
                   A       B       C       D       E      F
               +-------+-------+-------+-------+-------+----------------------
         Total | 100.0 | 100.0 |   N/A | 100.0 | 100.0 | 18958.4
       Dungeon |  25.1 |  25.1 |   N/A |  15.4 |  10.7 | 5705.2
          Lair |  13.8 |  13.6 |   N/A |  30.8 |   8.3 | 13160.6
         Swamp |   7.4 |   7.4 |   N/A |   7.7 |   9.4 | 18744.5
   Spider Nest |  12.4 |  12.4 |   N/A |   7.7 |  11.1 | 22047.8
  Orcish Mines |   6.0 |   6.0 |   N/A |   0.0 |   2.7 | 10793.5
   Elven Halls |   3.2 |   3.3 |   N/A |   0.0 |   4.2 | 16601.5
        Vaults |  20.2 |  20.1 |   N/A |  38.5 |  31.3 | 49900.0
        Depths |  11.9 |  12.0 |   N/A |   0.0 |  22.3 | 44353.5
               +-------+-------+-------+-------+-------+----------------------

Table legend: (Time is in decaauts)
 A = Elapsed time spent in this place.
 B = Non-inter-level travel time spent in this place.
 C = Inter-level travel time spent in this place.
 D = Time resting spent in this place.
 E = Time spent auto-exploring this place.
 F = Levels seen in this place.
 G = Mean time per level.
                   A        B        C        D        E       F      G
               +--------+--------+--------+--------+--------+-----+--------+
         Total |  66096 |  61880 |   4216 |  20154 |  26231 |  42 | 1573.7 |
       Dungeon |  20227 |  18295 |   1932 |   4916 |   9595 |  15 | 1348.5 |
        Temple |     16 |      8 |      8 |      0 |      0 |   1 |   16.0 |
          Lair |  11711 |  11018 |    693 |   3850 |   4772 |   5 | 2342.2 |
         Swamp |   4934 |   4718 |    216 |   1901 |   1705 |   4 | 1233.5 |
   Spider Nest |   7303 |   7141 |    162 |   2846 |   1672 |   4 | 1825.8 |
  Orcish Mines |   2175 |   2044 |    131 |    503 |   1003 |   2 | 1087.5 |
   Elven Halls |   1607 |   1500 |    107 |    367 |    896 |   2 |  803.5 |
        Vaults |  10212 |   9549 |    663 |   3559 |   3039 |   5 | 2042.4 |
        Depths |   7907 |   7606 |    301 |   2210 |   3547 |   4 | 1976.8 |
               +--------+--------+--------+--------+--------+-----+--------+

Top non-repeatable levels by time:
Vaults:4: 2831 daAuts
Depths:2: 2780 daAuts
  Lair:3: 2741 daAuts
Vaults:2: 2649 daAuts
  Lair:2: 2598 daAuts
  Lair:4: 2565 daAuts
    D:15: 2545 daAuts
Vaults:1: 2412 daAuts
    D:13: 2380 daAuts
Vaults:3: 2270 daAuts
Spider:4: 2184 daAuts
Depths:1: 2163 daAuts
Spider:2: 2068 daAuts
  Lair:5: 2033 daAuts
 Swamp:3: 1907 daAuts
